 Dungeon Crawl Stone Soup version 0.27.1-34-g3ba077fa99 (webtiles) character file.

Game seed: 603605220660102589

6 psuckher the Ducker (level 1, 0/10 HPs)
             Began as a Felid Berserker on Jan 14, 2022.
             Was a Follower of Trog.
             Slain by a giant cockroach (1 damage)
             ... on level 1 of the Dungeon.
             The game lasted 00:00:47 (86 turns).

psuckher the Ducker (Felid Berserker)                 Turns: 86, Time: 00:00:48

Health: 0/10       AC:  1    Str: 13    XL:     1   Next: 75%
Magic:  2/2        EV: 18    Int:  8    God:    Trog [*.....]
Gold:   0          SH:  0    Dex: 15    Spells: 0/0 levels left
                                        Lives:  0   Deaths: 0

rFire    . . .     SeeInvis +     - Unarmed
rCold    . . .     Faith    .   (shield unavailable)
rNeg     . . .     Spirit   .   (armour unavailable)
rPois    .         Reflect  .   (helmet unavailable)
rElec    .         Harm     .   (cloak unavailable)
rCorr    .         Rampage  .   (gloves unavailable)
Will     .....                  (boots unavailable)
Stlth    +.........             (no amulet)
HPRegen  0.03/turn              (no ring)
MPRegen  0.08/turn              (no ring)

@: on berserk cooldown, slowed, slow
A: very small, claws 1, fangs 3, see invisible, speed 1, shaggy fur 1, stealthy
paws, no weapons or thrown items, no armour, multi-lived
a: Renounce Religion, Berserk


You were on level 1 of the Dungeon.
You worshipped Trog.
Trog was aware of your devotion.
You visited 1 branch of the dungeon, and saw 1 of its levels.

You aren't carrying anything.


   Skills:
 + Level 3.1 Fighting
 + Level 4.2 Dodging
 + Level 3.1 Unarmed Combat


You couldn't memorise any spells.
You didn't know any spells.
Your spell library was empty.

Dungeon Overview and Level Annotations

Branches:
Dungeon (1/15)

Altars:


Innate Abilities, Weirdness & Mutations

You have sharp claws.
You have razor-sharp teeth.
You have supernaturally acute eyesight. (SInv)
You cover ground quickly. (Speed+)
You are covered in fur. (AC +1)
Your paws help you pounce on unaware monsters.
You are incapable of wielding weapons or throwing items.
You cannot wear armour.
You gain extra lives every three experience levels.


Message History

You claw the jackal!
You kill the jackal!
Trog accepts your kill. The goblin barely misses you.
You closely miss the goblin.
Unknown command.
You barely miss the goblin. The rat completely misses you.
The goblin closely misses you.
You closely miss the goblin. The rat closely misses you.
The goblin hits you with a +0 club.
* * * LOW HITPOINT WARNING * * *
You claw the goblin!
You kill the goblin!
Trog accepts your kill.
You claw the rat!
You kill the rat!
Trog accepts your kill.
You feel a strong urge to attack something.
Things that are here:
a +0 whip; a kobold corpse You are no longer berserk.
You are exhausted.
You feel yourself slow down.
Found a scroll labelled LAEFEFASMI.
A bat comes into view.
Found a stone staircase leading down.
The bat completely misses you.
An endoplasm and a giant cockroach come into view.
Found a scroll labelled OBRIAL DENNOE.
The bat closely misses you. The bat barely misses you.
A ball python comes into view.
The endoplasm quivers.
The bat completely misses you.
The giant cockroach completely misses you.
The bat hits you but does no damage. The bat hits you but does no damage.
The giant cockroach misses you.
Okay, then.
You barely miss the giant cockroach. Your claw misses the giant cockroach.
The bat closely misses you. x2; The giant cockroach bites you.
You die...

.# .### #########+######
... ..............#
..###+####............#
..+.....##............#
..#.....# #..........#
........####...b......#
)..............B@J...S#
)###########.#.?.......#
..###∩####∩#.#.........#
..........∩#.#.........#
.......÷..∩#.#.........#
..........##>#.........#
....#.....##.#......?..#
#..∩#.....∩#.###+#######
#.∩##.....∩#


You could see an endoplasm, a giant cockroach, a bat and a ball python (asleep).

Vanquished Creatures
  A goblin (D:1)
  2 jackals (D:1)
  A kobold (D:1)
  A rat (D:1)
5 creatures vanquished.

Notes
Turn   | Place    | Note
-------+----------+-------------------------------------------
     0 | D:1      | psuckher the Felid Berserker began the quest for the Orb.
     0 | D:1      | Reached XP level 1. HP: 10/10 MP: 2/2
    86 | D:1      | Slain by a giant cockroach

Illustrated notes

Levels and vault maps discovered:
D:1:      amcnicky_arrival_abandoned_market, layout_basic, interstate_on_off,
          minmay_misc_feat_doors

Action                   || total
-------------------------++-------
Melee: Unarmed           ||    14
Invok: Berserk           ||     1
Armor: Skin              ||     3
Dodge: Dodged            ||    28
